General information
- name: Grodge
- type: Custom game
- host: BEAR_AND
- saver: BEAR_AND
map: TwistedMeadows
- players: 5
- length: 23:35
- speed: Fast
- version: 1.21 W3XP
- replay type:

» download(82 KB)
Players
team 1 (winner)
gReedofthenoob (
pink | 79 APM | 1857 actions | 23:35)
5 Archmage
3 Summon Water Elemental
2 Brilliance Aura
5 Mountain King
3 Storm Bolt
2 Thunder Clap
» actions
| Assign group hotkey | 44 | |
| Basic commands | 141 | |
| Build / train | 63 | |
| ESC pressed | 1 | |
| Enter build submenu | 31 | |
| Enter hero's abilities submenu | 11 | |
| Give item / drop item | 3 | |
| Remove unit from queue | 1 | |
| Right click | 614 | |
| Select / deselect | 501 | |
| Select group hotkey | 340 | |
| Use ability | 107 | |
1857 total
» units
| Peasant | 9 | |
| Footman | 7 | |
| Forest Troll Shadow Priest | 3 | |
| Rifleman | 5 | |
| Sorceress | 3 | |
| Mortar Team | 4 | |
| Priest | 3 | |
34 total
» upgrades
| Defend | 1 | |
| Lumber Harvesting | 1 | |
| Long Rifles | 1 | |
| Gunpowder | 1 | |
| Fragmentation Shards | 1 | |
| Priest Training | 2 | |
| Flare | 1 | |
8 total
» buildings
| Altar of Kings | 1 | |
| Farm | 11 | |
| Barracks | 1 | |
| Scout Tower | 4 | |
| Arcane Tower | 1 | |
| Lumber Mill | 2 | |
| Keep | 1 | |
| Blacksmith | 1 | |
| Arcane Vault | 1 | |
| Arcane Sanctum | 2 | |
| Workshop | 2 | |
| Castle | 2 | |
| Town Hall | 2 | |
| Guard Tower | 1 | |
32 total
» build order
00:07 Altar of Kings
00:18 Farm
00:20 Farm
00:34 Barracks
01:48 Scout Tower
02:18 Farm
02:20 Arcane Tower
03:13 Farm
03:29 Farm
03:47 Lumber Mill
04:30 Keep
04:35 Farm
04:55 Lumber Mill
04:57 Blacksmith
05:01 Arcane Vault
06:02 Farm
07:16 Arcane Sanctum
07:19 Workshop
07:47 Arcane Sanctum
07:50 Workshop
07:54 Farm
08:33 Farm
08:35 Farm
13:14 Castle
13:14 Castle
15:06 Farm
21:05 Town Hall
21:08 Scout Tower
21:13 Scout Tower
22:00 Guard Tower
22:50 Scout Tower
23:15 Town Hall
» items
team 2 (loser)

»
GapInTheTooth (
red | 79 APM | 1862 actions | 23:35)
3 Dreadlord
1 Sleep
2 Vampiric Aura
4 Death Knight
3 Unholy Aura
1 Death Coil
» actions
| Assign group hotkey | 19 | |
| Basic commands | 65 | |
| Build / train | 46 | |
| ESC pressed | 14 | |
| Enter build submenu | 32 | |
| Enter hero's abilities submenu | 7 | |
| Remove unit from queue | 1 | |
| Right click | 1025 | |
| Select / deselect | 512 | |
| Select group hotkey | 62 | |
| Use ability | 79 | |
1862 total
» units
| Acolyte | 13 | |
| Ghoul | 8 | |
| Crypt Fiend | 1 | |
| Goblin Shredder | 1 | |
| Obsidian Statue | 2 | |
| Meatwagon | 2 | |
| Gargoyle | 2 | |
| Frost Wyrm | 1 | |
30 total
» upgrades
| Cannibalize | 1 | |
| Creature Attack | 1 | |
| Unholy Strength | 1 | |
3 total
» buildings
| Altar of Darkness | 2 | |
| Ziggurat | 11 | |
| Crypt | 2 | |
| Halls of the Dead | 1 | |
| Graveyard | 1 | |
| Black Citadel | 1 | |
| Slaughterhouse | 2 | |
| Tomb of Relics | 1 | |
| Sacrificial Pit | 2 | |
| Spirit Tower | 1 | |
| Boneyard | 1 | |
| Necropolis | 2 | |
27 total
» build order
00:11 Altar of Darkness
00:14 Ziggurat
00:33 Crypt
01:13 Crypt
01:42 Ziggurat
03:29 Ziggurat
06:09 Halls of the Dead
06:13 Graveyard
06:15 Ziggurat
06:57 Ziggurat
08:31 Black Citadel
08:46 Slaughterhouse
08:49 Tomb of Relics
09:01 Slaughterhouse
10:06 Sacrificial Pit
10:12 Spirit Tower
10:57 Sacrificial Pit
13:07 Boneyard
15:57 Necropolis
17:09 Ziggurat
17:10 Ziggurat
17:34 Ziggurat
17:36 Ziggurat
19:00 Ziggurat
19:02 Ziggurat
20:19 Altar of Darkness
21:10 Necropolis
refereesBEAR_AND,
Iceberg-Slim,
royceroyce2001 Chat log
(00:03 / All) GapInTheTooth: gl hf
(00:10 / All) gReedofthenoob: fuck you scrub
(00:12 / All) gReedofthenoob: hint im bottom right position
(00:14 / All) Iceberg-Slim: Shoutcasting this match LIVE from Kangnam-gu, Seoul, South Korea
(00:14 / Referees) BEAR_AND: types gl hf before he moves workers
(00:21 / All) Iceberg-Slim: www.highper.ch for shoutcasts and replays.
(00:27 / All) gReedofthenoob: going archmage
(00:27 / All) Iceberg-Slim: Fight With Honor And Have Excellent Manner.
(00:28 / All) gReedofthenoob: 3 foots
(00:29 / All) gReedofthenoob: rifles
(00:40 / All) gReedofthenoob: Unless you're a nuub elf
(00:41 / All) gReedofthenoob: next to me
(00:45 / All) gReedofthenoob: in which case it's towers for you
(00:45 / Referees) Iceberg-Slim: does it count as shoutcasting if i yell at my monitor and nobody is listening
(00:58 / Referees) BEAR_AND: that is actually where the term came from
(01:12 / Referees) Iceberg-Slim: this militia is just a decoy, he really has maphack
(01:17 / All) gReedofthenoob: bear_& i hope you pay attention
(01:20 / All) gReedofthenoob: sigh noobdea
(01:41 / All) gReedofthenoob: double crypt?
(01:45 / All) gReedofthenoob: who you think you are bei?
(01:45 / Referees) BEAR_AND: im high as shit....still going to pwn this guy...
(01:47 / Referees) Iceberg-Slim: dl first, this guy doing some evil penguin shit
(01:50 / All) gReedofthenoob: more like gei
(02:18 / Referees) BEAR_AND: guy has terrible micro
(02:50 / Referees) BEAR_AND: pussy doesn't creep a lab
(03:09 / Referees) BEAR_AND: 2 noobs
(03:17 / Referees) Iceberg-Slim: i hate tm against human
(03:33 / Referees) Iceberg-Slim: altf4 meadows
(03:48 / Referees) Iceberg-Slim: group move
(03:49 / Referees) BEAR_AND: here he goes with acos
(04:05 / Referees) Iceberg-Slim: who is this guy
(04:07 / Referees) Iceberg-Slim: do you know him
(04:10 / Referees) BEAR_AND: gap?
(04:13 / Referees) Iceberg-Slim: yeah
(04:19 / Referees) BEAR_AND: he's c-list or some shit
(04:29 / Referees) BEAR_AND: unfunny terrible poster
(04:35 / Referees) Iceberg-Slim: haha
(04:40 / Referees) Iceberg-Slim: whats his name
(04:44 / Referees) BEAR_AND: on forums?
(04:46 / Referees) BEAR_AND: same i think
(04:47 / Referees) Iceberg-Slim: yeah
(04:49 / Referees) Iceberg-Slim: hmm
(05:02 / Referees) Iceberg-Slim: forum is kind of dumb, people talking nonstop about a game they dont play sigh
(05:12 / Referees) BEAR_AND: haha
(05:26 / Referees) BEAR_AND: guy is shooting towards 50food ghoul
(05:58 / Referees) BEAR_AND: what the f*ck
(06:00 / Referees) Iceberg-Slim: bleakill hates mana
(06:07 / Referees) BEAR_AND: lmfao
(06:07 / Referees) Iceberg-Slim: hahaa
(06:10 / Referees) BEAR_AND: i agree
(06:10 / Referees) Iceberg-Slim: holy sh it
(06:17 / Referees) BEAR_AND: this is some rt shit here
(06:42 / Referees) Iceberg-Slim: he got an expo up though
(06:58 / Referees) BEAR_AND: even retards know how to eat..
(07:18 / Referees) Iceberg-Slim: might be gg if he attacks
(07:25 / Referees) Iceberg-Slim: er
(07:27 / Referees) Iceberg-Slim: nm
(07:42 / Referees) BEAR_AND: was he expecting like
(07:46 / Referees) BEAR_AND: fast necrowagon or something
(07:51 / Referees) BEAR_AND: why on earth would you get all the priests
(08:08 / Referees) Iceberg-Slim: powercreep with footmen, although who knows the mind of the noob
(08:26 / Referees) BEAR_AND: now he creeps the lab 15 min in
(08:36 / Referees) BEAR_AND: -1 ghoul
(08:44 / Referees) BEAR_AND: -2 ghoul
(08:55 / Referees) BEAR_AND: -3 ghoul
(09:14 / All) gReedofthenoob: training first sorc
(09:25 / Referees) Iceberg-Slim: should go 100 food ogre mauler
(09:33 / Referees) Iceberg-Slim: gg
(10:01 / Referees) Iceberg-Slim: not bad
(10:08 / Referees) BEAR_AND: that was an awful surround
(10:10 / Referees) BEAR_AND: red is just worse
(10:16 / Referees) Iceberg-Slim: surround is pass/fail
(10:18 / Referees) Iceberg-Slim: that passed
(10:32 / Referees) BEAR_AND: yea, but what i'm saying is he lucky it worked
(11:08 / Referees) Iceberg-Slim: lmao
(11:18 / Referees) BEAR_AND: pink hates using bolt
(12:00 / Referees) BEAR_AND: this is terrible
(12:06 / All) BEAR_AND: fuck you
(12:41 / Referees) BEAR_AND: no macro pink chills at 58 food
(12:53 / Referees) Iceberg-Slim: is there any siege that can hit air
(13:01 / Referees) BEAR_AND: u sereos
(13:09 / Referees) Iceberg-Slim: siege-type attack
(13:14 / Referees) BEAR_AND: raiders
(13:17 / Referees) Iceberg-Slim: ah
(13:46 / Referees) BEAR_AND: "bats" but it's not actually their attack
(14:04 / Referees) BEAR_AND: i think APs used to do siege
(14:10 / Referees) BEAR_AND: i could be remembering wrong
(14:25 / Referees) Iceberg-Slim: the ydid in roc when nothing was balanced
(14:38 / Referees) BEAR_AND: aboms used to be light too
(14:40 / Referees) BEAR_AND: was funny
(14:47 / Referees) BEAR_AND: & gryphon piercing
(14:48 / Referees) Iceberg-Slim: hunts were heavy, i have to admit i miss that
(14:49 / Referees) BEAR_AND: etc etc
(16:49 / Referees) BEAR_AND: why are rifles not focusing wyrm.
(16:54 / Referees) BEAR_AND: worm basically casting nova over & over
(17:35 / All) Iceberg-Slim: time to say gg
(17:56 / All) Iceberg-Slim: in grodge
(17:58 / All) Iceberg-Slim: we play manner
(20:14 / All) gReedofthenoob: you lured me in this forest because i am blind?
(20:46 / All) BEAR_AND: do you believe in coil
(20:54 / All) BEAR_AND: not in your ideology?
(20:54 / All) gReedofthenoob: he believes in recoil
(21:07 / All) GapInTheTooth: i do believe i need to get better
(21:16 / All) gReedofthenoob: not a hard task
(21:23 / All) BEAR_AND: play a computer a few times & figure out what all the spells do
(21:27 / All) gReedofthenoob: zing
(21:46 / All) gReedofthenoob: i remember when you could stormbolt buildings :(
(21:48 / All) BEAR_AND: no, i am not watching a farmhide
(21:49 / All) Iceberg-Slim: why the hell are you farm hiding in a grudge
(21:52 / All) BEAR_AND: top mid
(22:20 / Referees) Iceberg-Slim: alist
(22:22 / Referees) Iceberg-Slim: *almost
(22:39 / All) BEAR_AND: "sweet....i can kill shit w/ this spell>>>>"
(22:57 / All) Iceberg-Slim: turk shoulda made cannon tower
(23:00 / All) Iceberg-Slim: not guard tower
(23:06 / All) gReedofthenoob: i want to protect my investment
(23:11 / All) Iceberg-Slim: cannons
(23:13 / All) Iceberg-Slim: vs arrows
(23:17 / All) Iceberg-Slim: what century you living in
(23:21 / All) GapInTheTooth: gg
(23:31 / All) Iceberg-Slim: CANNON